 Dungeon Crawl Stone Soup version 0.29.1-13-g9f3cf754e1 (webtiles) character file.

Game seed: 8420069513238882928

80 hbarley the Chopper (level 4, -2/40 HPs)
             Began as a Hill Orc Fighter on Feb 3, 2023.
             Killed by divine providence
             ... invoked by an orc priest
              (8 damage)
             ... on level 3 of the Dungeon.
             The game lasted 00:03:08 (1867 turns).

hbarley the Chopper (Hill Orc Fighter)              Turns: 1867, Time: 00:03:09

Health: -2/40      AC:  8    Str: 18    XL:     4   Next: 39%
Magic:  4/4        EV:  9    Int:  8    God:
Gold:   67         SH:  4    Dex: 12    Spells: 3/3 levels left

rFire   . . .      SeeInvis +   a - +0 war axe
rCold   . . .      Faith    .   c - +0 buckler
rNeg    . . .      Spirit   .   b - +0 scale mail
rPois   .          Reflect  .   (no helmet)
rElec   .          Harm     .   (no cloak)
rCorr   .          Rampage  .   (no gloves)
Will    .....                   g - +0 pair of boots
Stlth   ..........              (no amulet)
HPRegen 0.13/turn               f - ring of see invisible
MPRegen 0.09/turn               (no ring)

@: no status effects
A: no striking features
a: Convert to Beogh


You were on level 3 of the Dungeon.
You visited 1 branch of the dungeon, and saw 3 of its levels.

You collected 67 gold pieces.

Inventory:

Hand Weapons
 a - a +0 war axe (weapon)
Armour
 b - a +0 scale mail (worn)
 c - a +0 buckler (worn)
 g - a +0 pair of boots (worn)
Jewellery
 f - a ring of see invisible (left hand)
Scrolls
 e - a scroll of blinking {unknown}
 h - a scroll of noise {unknown}
 j - a scroll of enchant armour {unknown}
 k - 3 scrolls of teleportation {unknown}
 l - 2 scrolls of amnesia {unknown}
 m - 3 scrolls of fear {unknown}
 o - a scroll of brand weapon {unknown}
 q - 2 scrolls of identify {unknown}
 s - a scroll of acquirement {unknown}
 u - a scroll of magic mapping {unknown}
Potions
 d - a potion of might
 i - 3 potions of lignification {unknown}
 n - a potion of haste {unknown}
 p - a potion of resistance {unknown}
 r - a potion of curing {unknown}
 t - a potion of heal wounds {unknown}


   Skills:
 + Level 4.0 Fighting
 + Level 4.2 Axes
 + Level 4.0 Armour
 + Level 0.1 Dodging
 + Level 3.8 Shields


You had 3 spell levels left.
You didn't know any spells.
Your spell library contained the following spells:

 Spells                   Type           Power      Damage    Failure   Level
 Magic Dart               Conj           0%         1d3       86%         1
 Searing Ray              Conj           0%         2d4       95%         2
 Fulminant Prism          Conj/Hex       0%         3d6       100%        4


Dungeon Overview and Level Annotations

Branches:
Dungeon (3/15)

Altars:


Message History

The orc priest mumbles some strange prayers to Beogh against you.
Beogh smites you! The orc hits you but does no damage.
You hit the orc but do no damage.
The orc is severely wounded.
The orc hits you but does no damage.
You closely miss the orc.
The orc is severely wounded.
The orc hits you but does no damage. The orc closely misses you.
You closely miss the orc.
The orc is severely wounded.
The orc misses you.
You hit the orc.
You kill the orc!
You barely miss the orc wizard.
The orc priest invokes the aid of Beogh against you.
The orc wizard struggles to resist.
The orc wizard hits you but does no damage.
The orc wizard points at you and mumbles some strange words.
You are confused.
The orc wizard attacks as you move away!
The orc wizard barely misses you.
You're too confused to move!
The orc wizard closely misses you.
You miss the orc wizard.
The orc priest mumbles some strange prayers to Beogh against you.
Beogh smites you!
* * * LOW HITPOINT WARNING * * *
The orc wizard barely misses you.
You hit the orc wizard.
The orc wizard is heavily wounded.
The orc wizard barely misses you.
You bump into the rock wall.
The orc wizard hits you but does no damage.
You slash the orc wizard!
The orc wizard is almost dead.
You feel less confused.
The orc wizard hits you with a +0 dagger.
* * * LOW HITPOINT WARNING * * *
The orc priest mumbles some strange prayers to Beogh against you.
Beogh smites you!
You die...

## .. # ?# # .# # .##
###############..
...............######.#.#
...######......'@ooo.....
...# #†.....####......
#'#######......# #....
#........##'#'## ...
#........##.#.# .
#........##.#.#
#.#########.#.# #.# ###
#+#.# #.# .... ..#


You could see an orc priest, an orc wizard and an orc.

Vanquished Creatures
  An adder (D:2)
  An orc (D:3)
  7 bats
  6 endoplasms
  A giant cockroach (D:1)
  5 goblins (D:1)
  9 hobgoblins
  9 jackals
  8 ball pythons
  3 frilled lizards
  6 kobolds
  5 rats
61 creatures vanquished.

Notes
Turn   | Place    | Note
-------+----------+-------------------------------------------
     0 | D:1      | hbarley the Hill Orc Fighter began the quest for the Orb.
     0 | D:1      | Reached XP level 1. HP: 19/19 MP: 1/1
    36 | D:1      | Reached XP level 2. HP: 19/27 MP: 2/2
   272 | D:1      | Reached XP level 3. HP: 20/33 MP: 3/3
  1101 | D:2      | Reached XP level 4. HP: 40/40 MP: 4/4
  1304 | D:2      | Found a faded altar of an unknown god.
  1867 | D:3      | Killed from afar by an orc priest

Illustrated notes

Levels and vault maps discovered:
D:1:      amcnicky_arrival_choice, layout_rooms
D:2:      layout_basic, hellmonk_ecumenical_altar_slurped_away
D:3:      layout_basic

Skill      XL: |  1  2  3  4 |
---------------+-------------+-----
Axes           | 3 4 |  4.2
Fighting       | 4 |  4.0
Armour         | 4 |  4.0
Dodging        | |  0.1
Shields        | |  3.8

Action                   |  1- 3 |  4- 6 || total
-------------------------+-------+-------++-------
Melee: War axe           |   103 |    58 ||   161
Armor: Scale mail        |    51 |    44 ||    95
Dodge: Dodged            |    58 |    37 ||    95
Block: Buckler           |    23 |    19 ||    42
